 Dungeon Crawl Stone Soup version 0.24.0-1-gfbc8707 (webtiles) character file.

Game seed: 14085284613346810395, levelgen mode: deterministic

613137 porkupine the Phalangite (level 26, -7/178 HPs)
             Began as a Minotaur Abyssal Knight on Nov 9, 2019.
             Was the Champion of Lugonu.
             Killed from afar by Gabakyug the pandemonium lord (29 damage)
             ... with a great blast of fire
             ... on level 5 of the Realm of Zot on Nov 10, 2019.
             The game lasted 07:49:59 (75713 turns).

porkupine the Phalangite (Minotaur Abyssal Knight) Turns: 75713, Time: 07:50:02

Health: -7/178     AC: 40    Str: 45      XL:     26   Next: 82%
Magic:  0/50       EV: 15    Int:  5 (6)  God:    Lugonu [******]
Gold:   3467       SH: 32    Dex: 16      Spells: 25/25 levels left

rFire    + + .     SeeInvis +   n - +8 spear of Eternal Vigilance {venom, rPois rN+ MR+ Str+3}
rCold    . . .     Gourm    .   N - +2 large shield of Omission {-Tele Regen+ Str+6}
rNeg     + + .     Faith    .   Z - +10 plate armour {rF+}
rPois    +         Spirit   +   P - +3 hat of Pondering {ponderous, MR+ MP+10 Int+5}
rElec    +         Reflect  .   D - +2 cloak of the Princeling {-Tele Str+5 Dex+3 Stlth+}
rCorr    .         Harm     .   C - +0 pair of gloves of Crawling {rElec SInv}
MR       +++..     NoTele   +   S - +2 pair of boots {run}
Stlth    ..........             H - amulet of guardian spirit
HPRegen  1.19/turn              K - ring of Xom's Recklessness {rPois rN+ Dex+4 Slay+3}
MPRegen  0.32/turn              j - ring "Vikamaeg" {rF+ MP+9 AC+3 Int-4}

@: mighty, very slightly contaminated, hasted (expiring), invisible, very quick
A: retaliatory headbutt, horns 2, blurry vision 2, clumsy 2, deformed body,
deterioration 2, dopey 2, frail 3, low mp 1, regeneration 1, screaming 3,
teleportitis 1, no potion heal 1, subdued magic 2
0: Orb of Zot
}: 3/15 runes: serpentine, barnacled, silver
a: Depart the Abyss, Bend Space, Banish, Corrupt, Enter the Abyss, Brand Weapon
With Distortion, Renounce Religion


You were on level 5 of the Realm of Zot.
You worshipped Lugonu.
Lugonu was exalted by your worship.
You were hungry.

You visited 9 branches of the dungeon, and saw 48 of its levels.
You visited the Abyss 4 times.
You visited 1 bazaar.
You also visited: Trove, Sewer and Wizlab.

You collected 7296 gold pieces.
You spent 3829 gold pieces at shops.

Inventory:

Hand Weapons
 b - the +9 glaive of Brawling {freeze, rElec}
   (You found it on level 6 of the Dungeon)

   It has been specially enchanted to freeze those struck by it, causing extra
   injury to most foes and up to half again as much damage against particularly
   susceptible opponents.
   It can also slow down cold-blooded creatures.
   It insulates you from electricity.
 n - the +8 spear of Eternal Vigilance (weapon) {venom, rPois rN+ MR+ Str+3}
   (You bought it in a shop in a bazaar)

   It poisons the flesh of those it strikes.
   It affects your strength (+3).
   It protects you from poison.
   It protects you from negative energy.
   It affects your resistance to hostile enchantments.
Missiles
 J - 16 atropa-tipped darts
 T - 17 curare-tipped darts (quivered)
Armour
 C - the +0 pair of gloves of Crawling (worn) {rElec SInv}
   (You bought it in a shop on level 4 of the Snake Pit)

   It insulates you from electricity.
   It lets you see invisible.
 D - the +2 cloak of the Princeling (worn) {-Tele Str+5 Dex+3 Stlth+}
   (You found it in a wizard's laboratory)

   It affects your strength (+5).
   It affects your dexterity (+3).
   It prevents most forms of teleportation.
   It makes you more stealthy.
 N - the +2 large shield of Omission (worn) {-Tele Regen+ Str+6}
   (You found it in a treasure trove)

   It affects your strength (+6).
   It prevents most forms of teleportation.
   It increases your rate of regeneration.
 P - the +3 hat of Pondering (worn) {ponderous, MR+ MP+10 Int+5}
   (You bought it in a shop in a bazaar)

   It affects your intelligence (+5).
   It affects your resistance to hostile enchantments.
   It affects your magic capacity (+10).
 S - a +2 pair of boots of running (worn)
 Z - a +10 plate armour of fire resistance (worn)
Jewellery
 j - the ring "Vikamaeg" (right hand) {rF+ MP+9 AC+3 Int-4}
   (You took it off a deep elf demonologist on level 5 of the Vaults)

   [ring of protection]

   It affects your AC (+3).
   It affects your intelligence (-4).
   It protects you from fire.
   It affects your magic capacity (+9).
 k - the amulet "Ymosalisy" {Reflect MR+ Str+6 SH+3}
   (You acquired it on level 2 of the Orcish Mines)

   [amulet of reflection]

   It shields you and reflects attacks.
   It affects your strength (+6).
   It affects your resistance to hostile enchantments.
   It affects your SH (+3).
 H - an amulet of guardian spirit (around neck)
 K - the ring of Xom's Recklessness (left hand) {rPois rN+ Dex+4 Slay+3}
   (You bought it in a shop in a bazaar)

   [ring of poison resistance]

   It affects your dexterity (+4).
   It affects your accuracy and damage with ranged weapons and melee attacks
   (+3).
   It protects you from poison.
   It protects you from negative energy.
 W - an uncursed amulet of regeneration
Wands
 f - a wand of random effects (26)
 q - a wand of acid (50)
 s - a wand of disintegration (25)
 y - a wand of digging (20)
 E - a wand of polymorph (35)
 F - a wand of iceblast (53)
 R - a wand of clouds (27)
 V - a wand of paralysis (21)
Scrolls
 h - 7 scrolls of identify
 i - 24 scrolls of teleportation
 l - 28 scrolls of remove curse
 m - 10 scrolls of fear
 p - 11 scrolls of immolation
 r - 8 scrolls of fog
 w - a scroll of holy word
 G - 8 scrolls of magic mapping
 L - 2 scrolls of brand weapon
 M - 3 scrolls of enchant weapon
 U - 2 scrolls of summoning
 Y - 4 scrolls of blinking
Potions
 d - 5 potions of berserk rage
 g - 4 potions of heal wounds
 o - 9 potions of agility
 u - 8 potions of lignification
 v - 32 potions of curing
 z - 6 potions of haste
 A - 6 potions of brilliance
 B - 3 potions of ambrosia
 Q - 12 potions of might
Miscellaneous
 a - a phial of floods
 e - a fan of gales
 t - a lightning rod (4/4)
 I - a phial of floods
 O - a lamp of fire
 X - 2 sacks of spiders
Comestibles
 c - 55 rations


   Skills:
 + Level 24.3 Fighting
 + Level 26.8 Polearms
 + Level 4.7 Throwing
 + Level 20.7 Armour
 + Level 8.1 Dodging
 - Level 4.8 Stealth
 + Level 25.7 Shields
 + Level 18.8 Invocations
 + Level 2.2 Evocations


You had 25 spell levels left.
You didn't know any spells.
Your spell library contained the following spells:

 Spells                   Type           Power        Failure   Level  Hunger
 Animate Skeleton         Necr           N/A          73%         1    ##.....
 Apportation              Tloc           #.....       73%         1    ##.....
 Confusing Touch          Hex            #.....       73%         1    ##.....
 Corona                   Hex            #......      73%         1    ##.....
 Flame Tongue             Conj/Fire      #....        73%         1    ##.....
 Freeze                   Ice            #...         73%         1    ##.....
 Infusion                 Chrm           #...         73%         1    ##.....
 Magic Dart               Conj           #...         73%         1    ##.....
 Pain                     Necr           #...         73%         1    ##.....
 Sting                    Conj/Pois      #...         73%         1    ##.....
 Summon Small Mammal      Summ           #...         73%         1    ##.....
 Call Imp                 Summ           #.......     86%         2    ###....
 Ensorcelled Hibernation  Hex/Ice        #.....       86%         2    ###....
 Passwall                 Tmut/Erth      #.......     86%         2    ###....
 Poisonous Vapours        Pois/Air       #.....       86%         2    ###....
 Searing Ray              Conj           #.....       86%         2    ###....
 Shroud of Golubria       Chrm/Tloc      #.....       86%         2    ###....
 Slow                     Hex            #.......     86%         2    ###....
 Song of Slaying          Chrm           #.......     86%         2    ###....
 Swiftness                Chrm/Air       #.......     86%         2    ###....
 Throw Flame              Conj/Fire      #.....       86%         2    ###....
 Throw Frost              Conj/Ice       #.....       86%         2    ###....
 Conjure Flame            Conj/Fire      #.......     98%         3    ####...
 Dazzling Spray           Conj/Hex       #.....       98%         3    ####...
 Gell's Gravitas          Tloc           #.........   98%         3    ####...
 Ignite Poison            Fire/Tmut/Pois #.......     98%         3    ####...
 Inner Flame              Hex/Fire       #.......     98%         3    ####...
 Mephitic Cloud           Conj/Pois/Air  #.......     98%         3    ####...
 Ozocubu's Armour         Chrm/Ice       #.......     98%         3    ####...
 Portal Projectile        Hex/Tloc       #.....       98%         3    ####...
 Recall                   Summ/Tloc      N/A          98%         3    ####...
 Regeneration             Chrm/Necr      #.........   98%         3    ####...
 Spectral Weapon          Hex/Chrm       #.......     98%         3    ####...
 Spider Form              Tmut/Pois      #.........   98%         3    ####...
 Static Discharge         Conj/Air       #.......     98%         3    ####...
 Vampiric Draining        Necr           #.........   98%         3    ####...
 Animate Dead             Necr           N/A          100%        4    #####..
 Cause Fear               Hex            #.........   100%        4    #####..
 Force Lance              Conj/Tloc      #.......     100%        4    #####..
 Fulminant Prism          Conj/Hex       #.........   100%        4    #####..
 Iskenderun's Mystic Bla  Conj           #.......     100%        4    #####..
 Leda's Liquefaction      Hex/Erth       #.........   100%        4    #####..
 Olgreb's Toxic Radiance  Pois           #.......     100%        4    #####..
 Sticky Flame             Conj/Fire      #.......     100%        4    #####..
 Summon Ice Beast         Ice/Summ       #.......     100%        4    #####..
 Throw Icicle             Conj/Ice       #.......     100%        4    #####..
 Aura of Abjuration       Summ           #.........   100%        5    ######.
 Bolt of Magma            Conj/Fire/Erth #.........   100%        5    ######.
 Borgnjor's Vile Clutch   Necr/Erth      #.........   100%        5    ######.
 Excruciating Wounds      Chrm/Necr      #.........   100%        5    ######.
 Fireball                 Conj/Fire      #.........   100%        5    ######.
 Lee's Rapid Deconstruct  Erth           #.........   100%        5    ######.
 Lightning Bolt           Conj/Air       #.........   100%        5    ######.
 Metabolic Englaciation   Hex/Ice        #.........   100%        5    ######.
 Silence                  Hex/Air        #.........   100%        5    ######.
 Summon Demon             Summ           #.........   100%        5    ######.
 Summon Forest            Summ/Tloc      #.........   100%        5    ######.
 Summon Mana Viper        Hex/Summ       #.......     100%        5    ######.
 Venom Bolt               Conj/Pois      #.........   100%        5    ######.
 Yara's Violent Unravell  Hex/Tmut       #.........   100%        5    ######.
 Darkness                 Hex            #.........   100%        6    #######
 Deflect Missiles         Chrm/Air       #.........   100%        6    #######
 Freezing Cloud           Conj/Ice/Air   #.........   100%        6    #######
 Invisibility             Hex            #.......     100%        6    #######
 Iron Shot                Conj/Erth      #.........   100%        6    #######
 Shadow Creatures         Summ           N/A          100%        6    #######
 Statue Form              Tmut/Erth      #........    100%        6    #######
 Dragon Form              Tmut           #.........   100%        7    #######
 Haunt                    Necr/Summ      #.........   100%        7    #######
 Malign Gateway           Summ/Tloc      #.........   100%        7    #######
 Ring of Flames           Chrm/Fire      #.........   100%        7    #######
 Borgnjor's Revivificati  Necr           #.........   100%        8    #######
 Death's Door             Chrm/Necr      #.........   100%        8    #######
 Discord                  Hex            #.........   100%        8    #######
 Ignition                 Fire           #.........   100%        8    #######
 Infestation              Necr           #.........   100%        8    #######
 Necromutation            Tmut/Necr      #.........   100%        8    #######
 Dragon's Call            Summ           #.........   100%        9    #######
 Shatter                  Erth           #.........   100%        9    #######
 Tornado                  Air            #.........   100%        9    #######
 Passage of Golubria      Tloc           Unusable     N/A         4    N/A

Dungeon Overview and Level Annotations

Branches:
Dungeon (15/15)            Temple (0/1) D:7            Lair (6/6) D:11
 Shoals (4/4) Lair:4        Snake (4/4) Lair:3        Slime (0/5) Lair:5
    Orc (2/2) D:9             Elf (2/3) Orc:2        Vaults (5/5) D:13
  Crypt (0/3) Vaults:3     Depths (5/5) D:15            Zot (5/5) Depths:5
  Sewer (visited)          WizLab (visited)

Altars:
Elyvilon
Hepliaklqana
Kikubaaqudgha
Makhleb
Okawaru
Qazlal
Ru
Sif Muna
Trog
Uskayaw
Vehumet
Wu Jian
Yredelemnul
Beogh
Lugonu

Shops:
D:11 !   D:13 **   D:14 *   D:15 :   Orc:2 ?=[(   Elf:1 :   Snake:4 [
Vaults:4 [   Vaults:5 !!%   Depths:1 [

Portals:
Hell: Lair:6 Depths:1 Depths:2 Depths:3 Depths:4 Depths:5
Abyss: Depths:4
Pandemonium: Depths:3 Depths:5
Ziggurat: Depths:1

Annotations:
Shoals:2 2 transporters, exclusion: downstairs, gilim's ghost, adept GrFi
Shoals:4 corrupted
Snake:4 corrupted
Orc:2 corrupted
Elf:1 2 transporters, Heg Cuhi's ghost, adept MiFi
Vaults:2 corrupted, Jory
Vaults:3 corrupted
Vaults:4 3 runed translucent doors, exclusion: downstairs, Illumine's ghost, veteran GrMo; Nornya's ghost, veteran MfSu
Vaults:5 corrupted
Depths:1 1 exclusion
Depths:2 1 runed translucent door, corrupted
Depths:4 corrupted
Zot:5 corrupted


Innate Abilities, Weirdness & Mutations

You reflexively headbutt those who attack you in melee.
You have a pair of horns on your head.
Scrolls take you longer to read.
You are very clumsy. (Dex -4)
Armour fits poorly on your strangely shaped body.
Your body often deteriorates upon taking damage.
You are very dopey. (Int -4)
You are extremely frail. (-30% HP)
Your magical capacity is low. (-10% MP)
Your natural rate of healing is unusually fast.
You frequently scream uncontrollably at your foes.
You are occasionally teleported next to monsters.
Potions are less effective at restoring your health.
Your spells are easier to cast, but less powerful.


Message History

The fire vortex burns you! You resist.
* * * LOW HITPOINT WARNING * * *
The fire vortex dissipates!
Okay, then.
Your system partially rejects the healing.
You feel much better.
You are engulfed in blazing flames.
You resist.
* * * LOW HITPOINT WARNING * * *
Gabakyug is engulfed in blazing flames.
You block the fire vortex's attack. You block Gabakyug's attack.
You puncture the fire vortex! You headbutt the fire vortex!
The fire vortex is almost destroyed.
You are engulfed in blazing flames.
You resist. You block the fire vortex's attack.
The monstrous blood saint disappears!
Your extra speed is starting to run out.
Gabakyug is engulfed in blazing flames.
You block Gabakyug's attack.
The fire vortex fails to trigger a net trap.
Gabakyug gestures at you.
A raging storm of fire appears!
The great blast of fire engulfs you!! You partially resist.
You die...

..........# ##.............^.^..
.........## #...................
.........# #.......^.§.........
..^......## #.......2...........
.....)....# #......v............
..^.......## #..°v....v...v......
...........###.○°vv..v..........^
#########...###○°&..6............
##....##@v66......v.....#
###...Xv.vvv...[......##
#▓▓▓▓▓▓▓▓▓▓▓##v.(..▓▓
▓▓▓▓......^..°.....▓▓
##▓...................▓
##...................... ▓▓▓▓▓▓▓▓
#.........(.....6.......
y§...^.▓▓▓.................6.....
x.......▓▓.......................


You could see Gabakyug, an Orb Guardian, a balrug, 3 demonspawn and 11 fire
vortices.

Vanquished Creatures
  A juggernaut (Depths:4)
  6 orbs of fire
  Boris (Depths:4)
  2 Killer Klowns (Zot:5)
  4 curse toes
  2 caustic shrikes (Depths:2)
  8 golden dragons
  6 bone dragons
  6 electric golems
  12 tentacled monstrosities
  A titan (Vaults:4)
  4 liches
  15 Orb Guardians (Zot:5)
  5 quicksilver dragons
  2 deep elf blademasters (Depths:4)
  4 death cobs
  13 tentacled starspawn
  An Executioner (Abyss:4)
  8 sphinxes
  Roxanne (Shoals:2)
  Kirke (Lair:4)
  10 shadow dragons
  7 storm dragons
  A storm dragon (shapeshifter) (D:15)
  A daeva (Abyss:1)
  3 tengu reavers
  16 frost giants
  4 nagarajas
  3 draconian monks
  2 iron dragons
  2 orc warlords
  4 draconian knights
  2 ghost moths
  3 deep elf sorcerers
  11 fire giants
  4 vault wardens
  6 draconian scorchers
  5 draconian shifters
  5 balrugs
  6 draconian annihilators
  26 very ugly things
  A reaper (Abyss:2)
  5 draconian stormcallers
  14 ironheart preservers
  26 stone giants
  3 deep elf demonologists (Vaults:5)
  A lorocyproca (Abyss:5)
  A minotaur (Depths:2)
  8 white draconians
  5 black draconians
  7 purple draconians
  A vampire knight (Depths:4)
  8 green draconians
  5 yellow draconians
  A yellow draconian (shapeshifter) (Zot:1)
  6 red draconians
  A blizzard demon (WizLab)
  4 spark wasps (Depths:3)
  3 deep elf death magi
  A crystal guardian (Vaults:3)
  An eidolon (Vaults:3)
  A jiangshi (Vaults:3)
  9 ettins
  A green death (Abyss:1)
  3 merfolk javelineers
  A great orb of eyes (shapeshifter) (Vaults:2)
  5 merfolk impalers
  9 yaktaur captains
  9 fire dragons
  7 naga warriors
  8 great orbs of eyes
  2 deep elf high priests
  6 rakshasas
  14 small abominations
  A hell beast (WizLab)
  2 catoblepae
  A spriggan air mage (Depths:2)
  12 ice dragons
  5 vault guards
  4 hydras
  35 two-headed ogres
  An alligator snapping turtle (Shoals:3)
  A merfolk aquamancer (Shoals:4)
  10 centaur warriors
  15 ogre magi
  A merfolk avatar (Shoals:4)
  3 death knights
  A queen ant (D:11)
  25 dancing weapons
  6 death yaks (Lair:6)
  5 anacondas
  17 naga sharpshooters
  An orc high priest (Orc:2)
  4 hell hogs (Abyss:2)
  3 vampire magi
  5 deep troll shamans
  7 deep troll earth magi
  12 tengu warriors
  Nergalle (Lair:1)
  5 shock serpents
  17 deep elf knights
  A soul eater (WizLab)
  14 thrashing horrors
  12 wretched stars
  A fire crab (Shoals:3)
  8 hell knights
  6 skeletal warriors
  2 shadow wraiths
  2 iron trolls
  6 salamander mystics
  5 spatial maelstroms
  5 sun demons
  An unseen horror (D:13)
  5 sixfirhies
  A sea snake (shapeshifter) (Vaults:3)
  A shadow demon (WizLab)
  20 sea snakes
  A death drake (shapeshifter) (Vaults:2)
  4 naga ritualists
  4 glowing orange brains
  2 infernal demonspawn (Depths:3)
  3 wizards
  35 deep trolls
  2 swamp dragons (Abyss:3)
  6 flayed ghosts
  7 ironbrand convokers
  22 large abominations
  4 lindwurms (Lair:6)
  A tengu zombie (Vaults:5)
  9 necromancers
  A phantasmal warrior (Abyss:2)
  A lindwurm (shapeshifter) (Elf:2)
  2 stone giant zombies (Vaults:3)
  19 deep elf archers
  10 fauns
  19 orc knights
  5 wolf spiders
  23 harpies
  A wolf spider zombie (D:15)
  2 frost giant zombies (Vaults:5)
  A statue (Abyss:4)
  6 mana vipers
  41 ugly things
  6 worldbinders
  69 deep elf magi
  24 moths of wrath
  25 salamanders
  2 salamanders (shapeshifter) (Vaults:3)
  13 manticores
  4 orc sorcerers
  A moth of wrath (shapeshifter) (Vaults:2)
  A frost giant skeleton (Abyss:4)
  An elephant (Lair:6)
  10 cyclopes
  4 centaur zombies
  19 naga magi
  25 black mambas
  7 vault sentinels
  7 merfolk sirens
  8 guardian serpents
  3 water nymphs
  2 guardian serpents (shapeshifter)
  4 rust devils
  17 smoke demons
  Maurice (D:12)
  6 orange demons
  2 centaur skeletons
  5 hellions
  4 spectral swamp worms (Depths:3)
  A gargoyle (D:15)
  An elf zombie (Vaults:5)
  6 spiny frogs
  A spiny frog (shapeshifter) (Abyss:1)
  An efreet (D:15)
  A yaktaur (shapeshifter) (Vaults:3)
  9 komodo dragons
  8 freezing wraiths
  35 yaktaurs
  3 kobold demonologists
  2 komodo dragons (shapeshifter)
  3 tengu conjurers
  9 ancient zymes
  7 rime drakes
  11 ice devils
  A hydra zombie (Abyss:2)
  3 red devils
  A polar bear (shapeshifter) (Depths:5)
  8 hellwings
  A demonic crawler (Abyss:1)
  A meliai (shapeshifter) (Abyss:1)
  6 harpy zombies (Zot:1)
  2 queen bees
  11 trolls
  3 meliai (D:14)
  13 merfolk
  19 blink frogs
  5 wind drakes
  A troll (shapeshifter) (Vaults:3)
  5 hornets
  20 slime creatures
  A sphinx simulacrum (Vaults:3)
  A blink frog (shapeshifter) (D:15)
  23 raiju
  2 fire giant simulacra
  4 dream sheep (Shoals:3)
  6 snapping turtles
  A hippogriff (shapeshifter) (D:13)
  14 hippogriffs
  2 meliai zombies
  2 air elementals (Elf:1)
  6 flying skulls (Abyss:2)
  30 water elementals
  A spriggan (D:10)
  A vampire (D:12)
  2 shadows
  An alligator skeleton (Abyss:1)
  11 wraiths
  39 yaks
  4 hogs (Lair:4)
  A yak (shapeshifter) (D:15)
  7 wyverns
  12 ynoxinuls
  2 fire bats (Shoals:3)
  3 fire elementals
  A human (shapeshifter) (D:15)
  A golden eye (shapeshifter) (Depths:4)
  5 chaos spawn
  Grum (D:8)
  4 basilisks
  5 golden eyes (Abyss:1)
  13 vampire mosquitoes
  9 neqoxecs
  2 human simulacra
  4 hungry ghosts
  An elf skeleton (Vaults:5)
  A spatial vortex (Abyss:3)
  35 nagas
  7 wargs
  21 soldier ants
  A naga (shapeshifter) (D:13)
  4 hell hounds (Lair:6)
  11 water moccasins
  2 acid dragons
  A floating eye (Depths:2)
  3 porcupines
  A black bear (shapeshifter) (D:14)
  42 orc warriors
  Purgy (Sewer)
  A phantom (D:4)
  A black bear (D:7)
  3 eyes of draining
  7 sky beasts
  2 human zombies
  5 ice beasts
  A necrophage (D:13)
  An eye of draining (shapeshifter) (D:15)
  35 ogres
  10 wolves
  28 boggarts
  18 centaurs
  A human skeleton (Vaults:3)
  14 crocodiles
  25 bullfrogs
  3 big kobolds (D:14)
  9 earth elementals
  2 wyvern zombies
  A scorpion (D:8)
  41 killer bees
  5 wights (D:7)
  4 howler monkeys
  2 vampire bats (D:4)
  3 electric eels (Snake:4)
  A lava snake (D:10)
  11 crimson imps
  2 bullfrog zombies
  58 starcursed masses
  A gnoll shaman (D:6)
  4 quasits
  18 orc priests
  12 hounds
  4 jellies
  29 orc wizards
  4 iron imps
  6 iguanas
  33 worker ants
  A naga skeleton (Abyss:2)
  A hound zombie (D:8)
  2 hound skeletons
  2 worker ant zombies (D:10)
  8 gnolls
  2 river rats (D:5)
  14 adders
  2 shadow imps
  3 white imps
  4 ufetubi
  An ooze (D:2)
  A worm (D:5)
  5 dart slugs
  5 leopard geckos
  118 orcs
  3 ball pythons
  A bat skeleton (D:4)
  4 bat zombies (D:4)
  9 giant cockroaches
  2 gnoll zombies (D:2)
  4 hobgoblins
  4 jackals (D:6)
  10 kobolds
  8 quokkas
  2 bats
  2 frilled lizards
  10 goblins
  10 rats
  A fire vortex (Zot:5)
  A fungus (Lair:6)
  3 lurking horrors
  5 plants
  10 starspawn tentacles
2405 creatures vanquished.

Vanquished Creatures (collateral kills)
  A naga sharpshooter (Snake:4)
  3 naga magi (Snake:4)
4 creatures vanquished.

Vanquished Creatures (others)
  2 ancient liches
  Margery (Vaults:2)
  Saint Roka (Depths:2)
  A Hellbinder (WizLab)
  3 tentacled monstrosities (Vaults:5)
  3 Orb Guardians (Zot:5)
  4 deep elf master archers (Depths:4)
  A titan (Depths:2)
  A deep elf blademaster (Depths:4)
  A shadow dragon (Vaults:5)
  A storm dragon (Depths:2)
  2 tengu reavers (Vaults:5)
  3 nagarajas (Snake:4)
  2 fire giants
  6 orc warlords
  A frost giant (Depths:2)
  4 vault wardens (Vaults:5)
  A cacodemon (Zot:5)
  2 deep elf elementalists
  A draconian stormcaller (Zot:5)
  3 ironheart preservers
  2 very ugly things (Depths:2)
  A blood saint (WizLab)
  5 stone giants
  2 vampire knights (Depths:2)
  A lorocyproca (WizLab)
  A merfolk javelineer (Shoals:4)
  A purple draconian (Zot:5)
  2 deep elf death magi (Vaults:3)
  A fire dragon (Vaults:5)
  2 merfolk impalers (Shoals:4)
  2 ettins
  2 deep elf high priests (Vaults:5)
  A great orb of eyes (Depths:2)
  2 yaktaur captains (Vaults:5)
  3 ice dragons (Depths:2)
  20 vault guards (Vaults:5)
  A hell beast (Zot:5)
  A centaur warrior (Depths:3)
  3 naga warriors (Snake:4)
  2 ogre magi
  A dancing weapon (Vaults:5)
  2 satyrs (Shoals:4)
  2 two-headed ogres (Vaults:5)
  A spriggan berserker (Depths:2)
  4 naga sharpshooters
  A sun demon (Zot:5)
  4 deep elf knights
  2 shadow wraiths
  An unseen horror (D:13)
  3 hell knights (Vaults:2)
  A flayed ghost (Vaults:5)
  A deep troll (Vaults:5)
  A wizard (Vaults:3)
  3 orc knights (Depths:4)
  A naga ritualist (Snake:4)
  A phantasmal warrior (Vaults:5)
  2 deep elf archers
  An ironbrand convoker (Vaults:5)
  2 necromancers
  A deep elf mage (Vaults:3)
  A salamander (Snake:3)
  A moth of wrath (Zot:5)
  9 ugly things (Depths:2)
  2 vault sentinels (Vaults:5)
  A black mamba (Snake:4)
  13 naga magi (Snake:4)
  A merfolk siren (Shoals:4)
  A spectral swamp worm (Depths:3)
  5 yaktaurs
  A tengu conjurer (Depths:2)
  A tormentor (WizLab)
  A hornet (D:8)
  A human (shapeshifter) (Vaults:3)
  A golden eye (Abyss:1)
  A spatial vortex (Depths:2)
  8 nagas (Snake:4)
  2 wargs
  A swamp drake (D:9)
  15 orc warriors
  4 boggarts (Vaults:3)
  An ogre (Vaults:5)
  A bullfrog (D:15)
  2 killer bees (Depths:2)
  5 orc wizards
  6 orc priests
  24 orcs
  A bush (Abyss:1)
  A butterfly (Zot:1)
  3 crawling corpses (Vaults:3)
  A demonic plant (Abyss:1)
  2 fire vortices (Zot:5)
  38 plants
  73 starspawn tentacles
  3 withered plants (Vaults:4)
365 creatures vanquished.

Grand Total: 2774 creatures vanquished

Notes
Turn   | Place    | Note
-------+----------+-------------------------------------------
     0 | Abyss:1  | porkupine the Minotaur Abyssal Knight began the quest for
                  | the Orb.
     0 | Abyss:1  | Reached XP level 1. HP: 19/19 MP: 1/1
    68 | Abyss:1  | Noticed a large abomination
    68 | Abyss:1  | Noticed a small abomination
    77 | D:1      | Escaped the Abyss
   243 | D:1      | Reached XP level 2. HP: 27/27 MP: 2/2
   402 | D:1      | Reached * piety under Lugonu
   875 | D:2      | Reached skill level 3 in Polearms
   875 | D:2      | Reached XP level 3. HP: 24/34 MP: 3/3
  1135 | D:2      | Found a sacrificial altar of Ru.
  1455 | D:2      | Found a basalt altar of Yredelemnul.
  1638 | D:2      | Found an iron altar of Okawaru.
  1795 | D:3      | Reached XP level 4. HP: 38/41 MP: 4/4
  2009 | D:3      | Found a bloodstained altar of Trog.
  2010 | D:3      | Found a radiant altar of Vehumet.
  2017 | D:3      | Reached ** piety under Lugonu
  2064 | D:3      | Reached skill level 4 in Polearms
  2150 | D:3      | Reached XP level 5. HP: 41/47 MP: 5/5
  2533 | D:4      | Noticed an ogre
  2541 | D:4      | Killed an ogre
  2541 | D:4      | Reached skill level 5 in Polearms
  2762 | D:4      | Noticed a +0 dagger
  2763 | D:4      | Found a hide-covered altar of Uskayaw.
  2763 | D:4      | Noticed a +0 dagger
  2799 | D:4      | Reached XP level 6. HP: 54/55 MP: 7/7
  3023 | D:4      | Found an ancient bone altar of Kikubaaqudgha.
  3027 | D:4      | Reached skill level 5 in Fighting
  3220 | D:4      | Reached skill level 6 in Polearms
  3418 | D:5      | Entered Level 5 of the Dungeon
  3437 | D:5      | Reached XP level 7. HP: 51/61 MP: 8/8
  3577 | D:5      | Found a white marble altar of Elyvilon.
  3612 | D:5      | Reached skill level 7 in Polearms
  3645 | D:5      | Reached *** piety under Lugonu
  3661 | D:5      | Found a glowing drain.
  3707 | Sewer    | Entered a sewer
  3810 | Sewer    | Noticed Purgy
  3814 | Sewer    | Killed Purgy
  4487 | D:6      | Reached skill level 8 in Polearms
  4487 | D:6      | Reached XP level 8. HP: 70/70 MP: 10/10
  4572 | D:6      | Reached skill level 5 in Armour
  4718 | D:6      | Got an ancient glaive
  4719 | D:6      | Identified the +9 glaive of Brawling {freeze, rElec} (You
                  | found it on level 6 of the Dungeon)
  4769 | D:6      | Reached skill level 9 in Polearms
  5038 | D:6      | Reached skill level 1 in Stealth
  5211 | D:7      | Noticed a hornet
  5215 | D:7      | Killed a hornet
  5215 | D:7      | Reached **** piety under Lugonu
  5215 | D:7      | Reached skill level 10 in Polearms
  5215 | D:7      | Reached skill level 5 in Invocations
  5215 | D:7      | Reached XP level 9. HP: 78/78 MP: 11/11
  5418 | D:7      | Found a staircase to the Ecumenical Temple.
  5599 | D:7      | Reached skill level 11 in Polearms
  6102 | D:8      | Noticed Grum
  6106 | D:8      | Killed Grum
  6109 | D:8      | Reached ***** piety under Lugonu
  6109 | D:8      | Reached skill level 12 in Polearms
  6123 | D:8      | Reached XP level 10. HP: 77/88 MP: 13/13
  6557 | D:8      | Found a shimmering blue altar of Sif Muna.
  6669 | D:8      | Reached skill level 13 in Polearms
  7078 | D:9      | Found a staircase to the Orcish Mines.
  7228 | D:9      | Found an ornate altar of the Wu Jian Council.
  7476 | D:9      | Found a burning altar of Makhleb.
  7671 | D:9      | Found a stormy altar of Qazlal.
  7731 | D:10     | Entered Level 10 of the Dungeon
  7731 | D:10     | Found an iron altar of Okawaru.
  7731 | D:10     | Noticed a two-headed ogre
  7843 | D:10     | Killed a two-headed ogre
  7843 | D:10     | Reached XP level 11. HP: 97/97 MP: 15/15
  7917 | D:10     | Got a steaming plate armour
  7928 | D:10     | Identified the +3 plate armour "Diskidwi" {rPois Int+3}
                  | (You found it on level 10 of the Dungeon)
  7955 | D:10     | Reached skill level 14 in Polearms
  8692 | D:11     | Noticed a queen ant
  8709 | D:11     | Killed a queen ant
  8745 | D:11     | Reached ****** piety under Lugonu
  8745 | D:11     | Reached skill level 10 in Fighting
  8751 | D:11     | Reached skill level 15 in Polearms
  8924 | D:11     | Noticed a two-headed ogre
  8925 | D:11     | Noticed a two-headed ogre
  8929 | D:11     | Killed a two-headed ogre
  8933 | D:11     | Killed a two-headed ogre
  8933 | D:11     | Reached XP level 12. HP: 89/108 MP: 17/17
  9196 | D:11     | Found a staircase to the Lair.
  9307 | D:11     | Noticed a two-headed ogre
  9318 | D:11     | Killed a two-headed ogre
  9318 | D:11     | Reached skill level 5 in Dodging
  9474 | D:11     | Found Vyughe's Distillery.
  9477 | D:11     | Bought a potion of cancellation for 128 gold pieces
  9477 | D:11     | Bought a potion of might for 64 gold pieces
  9477 | D:11     | Bought a potion of agility for 64 gold pieces
  9773 | D:12     | Reached skill level 16 in Polearms
  9796 | D:12     | Noticed Maurice
  9808 | D:12     | Killed Maurice
 10221 | D:12     | Reached skill level 10 in Invocations
 10407 | D:12     | Noticed a two-headed ogre
 10412 | D:12     | Killed a two-headed ogre
 10461 | D:12     | Got an ebony long sword
 10462 | D:12     | Identified the +10 long sword of Valiance {freeze, Dex+3}
                  | (You found it on level 12 of the Dungeon)
 10722 | D:13     | Found Coron's General Store.
 10749 | D:13     | Found a gate to the Vaults.
 10749 | D:13     | Noticed a vault guard
 10765 | D:13     | Killed a vault guard
 11026 | D:13     | Noticed a centaur warrior
 11070 | D:13     | Killed a centaur warrior
 11070 | D:13     | Reached skill level 17 in Polearms
 11070 | D:13     | Reached XP level 13. HP: 45/117 MP: 19/19
 11072 | D:13     | Reached skill level 1 in Throwing
 11430 | Orc:1    | Entered Level 1 of the Orcish Mines
 11430 | Orc:1    | Noticed Josephine
 11620 | Orc:1    | Noticed Sonja
 11728 | Orc:1    | Noticed Sonja
 11728 | Orc:1    | Sonja changed into Sonja the basilisk
 11731 | Orc:1    | Killed Sonja the basilisk
 11945 | Orc:1    | Noticed Josephine
 11945 | Orc:1    | Josephine changed into Josephine the faun
 11950 | Orc:1    | Killed Josephine the faun
 12203 | Orc:2    | Entered Level 2 of the Orcish Mines
 12215 | Orc:2    | Found a roughly hewn altar of Beogh.
 12800 | Orc:2    | Noticed an orc warlord
 12809 | Orc:2    | Killed an orc warlord
 13090 | Orc:2    | Found a roughly hewn altar of Beogh.
 13105 | Orc:2    | Found Wunnejuf's Jewellery Emporium.
 13123 | Orc:2    | Bought an uncursed amulet of regeneration for 360 gold
                  | pieces
 13166 | Orc:2    | Found a roughly hewn altar of Beogh.
 13195 | Orc:2    | Found a staircase to the Elven Halls.
 13248 | Orc:2    | Found a roughly hewn altar of Beogh.
 13323 | Orc:2    | Noticed an orc warlord
 13330 | Orc:2    | Corrupted Orc:2
 13330 | Orc:2    | Noticed a reaper
 13330 | Orc:2    | Noticed a bone dragon
 13334 | Orc:2    | Noticed a starcursed mass
 13339 | Orc:2    | Killed an orc warlord
 13419 | Orc:2    | Found a roughly hewn altar of Beogh.
 13474 | Orc:2    | Found a roughly hewn altar of Beogh.
 13478 | Orc:2    | Found Giampas's Antique Weapon Boutique.
 13482 | Orc:2    | Found Hitewi Azewy's Antique Armour Shop.
 13526 | Orc:2    | Bought a pair of embroidered gloves for 225 gold pieces
 13526 | Orc:2    | Bought a pair of runed gloves for 225 gold pieces
 13526 | Orc:2    | Bought a pair of runed boots for 225 gold pieces
 13611 | Orc:2    | Found a roughly hewn altar of Beogh.
 13633 | Orc:2    | Found Caunnun's Magic Scroll Boutique.
 13642 | Orc:2    | Bought a scroll of amnesia for 42 gold pieces
 13642 | Orc:2    | Bought a scroll of silence for 90 gold pieces
 13642 | Orc:2    | Bought a scroll of vulnerability for 90 gold pieces
 13649 | Orc:2    | Gained mutation: You are frail. (-10% HP) [potion of
                  | mutation]
 13649 | Orc:2    | Gained mutation: You are dopey. (Int -2) [potion of
                  | mutation]
 13649 | Orc:2    | Gained mutation: You possess an exceptional clarity of
                  | mind. [potion of mutation]
 13649 | Orc:2    | Gained mutation: You have sharp toenails. [potion of
                  | mutation]
 13660 | Orc:2    | Identified a scroll of acquirement
 13661 | Orc:2    | Got a bound copper amulet
 13664 | Orc:2    | Identified the amulet "Ymosalisy" {Reflect MR+ Str+6 SH+3}
                  | (You acquired it on level 2 of the Orcish Mines)
 13854 | Lair:1   | Entered Level 1 of the Lair of Beasts
 13863 | Lair:1   | Noticed Nergalle
 13876 | Lair:1   | Killed Nergalle
 14253 | Lair:1   | Reached skill level 18 in Polearms
 15404 | Lair:2   | Reached XP level 14. HP: 93/116 MP: 21/21
 15973 | Lair:3   | Found a staircase to the Snake Pit.
 16078 | Lair:3   | Reached skill level 10 in Armour
 17246 | Lair:4   | Noticed Kirke
 17354 | Lair:4   | Killed Kirke
 17756 | Lair:4   | Found a staircase to the Shoals.
 18132 | Lair:5   | Found a staircase to the Slime Pits.
 18613 | Lair:6   | Entered Level 6 of the Lair of Beasts
 18636 | Lair:6   | Reached skill level 19 in Polearms
 19380 | Lair:6   | Found a burning altar of Makhleb.
 19799 | Lair:6   | Found a gateway to Hell.
 20646 | Shoals:1 | Entered Level 1 of the Shoals
 20980 | Shoals:1 | Reached XP level 15. HP: 78/124 MP: 23/23
 21699 | Shoals:2 | Found a transporter.
 22262 | Shoals:2 | Noticed gilim's ghost (adept GrFi)
 22295 | Shoals:2 | Found a transporter.
 22315 | Shoals:2 | Identified Roxanne's Incunabulum of Transformation
 22315 | Shoals:2 | Noticed Roxanne
 22715 | Shoals:2 | Killed Roxanne
 22715 | Shoals:2 | Reached skill level 20 in Polearms
 23615 | Shoals:3 | Reached skill level 1 in Shields
 24130 | Shoals:4 | Entered Level 4 of the Shoals
 24251 | Shoals:4 | Got a shimmering morningstar
 24252 | Shoals:4 | Identified the +9 morningstar of the Wary Songs {drain,
                  | Int+5 Dex-3} (You found it on level 4 of the Shoals)
 24387 | Shoals:4 | Reached skill level 15 in Fighting
 25411 | Shoals:4 | Corrupted Shoals:4
 25411 | Shoals:4 | Noticed a bone dragon
 25411 | Shoals:4 | Noticed a tentacled starspawn
 25413 | Shoals:4 | Noticed a tentacled starspawn
 25735 | Shoals:4 | Got a barnacled rune of Zot
 26046 | D:13     | Found Ileemair's Assorted Antiques.
 26056 | D:13     | Found a hazy altar of Hepliaklqana.
 26099 | D:13     | Noticed a storm dragon
 26109 | D:13     | Killed a storm dragon
 26123 | D:13     | Reached XP level 16. HP: 94/134 MP: 24/24
 26847 | Vaults:1 | Entered Level 1 of the Vaults
 27525 | D:14     | Found Citueps's Assorted Antiques.
 27528 | D:14     | Bought a potion of heal wounds for 140 gold pieces
 27528 | D:14     | Bought a bound lead ring for 140 gold pieces
 27542 | D:14     | Identified the ring of Kodd {*Slow +Blink rElec rN+ Stlth+}
                  | (You bought it in a shop on level 14 of the Dungeon)
 27884 | D:15     | Entered Level 15 of the Dungeon
 28251 | D:15     | Found Jaclauliu's Book Boutique.
 28485 | D:15     | Reached skill level 21 in Polearms
 28722 | D:15     | Noticed a storm dragon
 28727 | D:15     | Killed a storm dragon
 28887 | D:15     | Found a staircase to the Depths.
 30414 | Vaults:1 | Reached XP level 17. HP: 144/144 MP: 26/26
 30577 | Vaults:1 | Found a gateway to a bazaar.
 30586 | Bazaar   | Entered a bazaar
 30586 | Bazaar   | Found Soevvan's General Store.
 30586 | Bazaar   | Found Amuamak's Antique Weapon Shoppe.
 30586 | Bazaar   | Found Ganuosm's Jewellery Shoppe.
 30586 | Bazaar   | Found Cuatreax's Magic Scroll Emporium.
 30586 | Bazaar   | Found Olinaw's Armour Shoppe.
 30615 | Bazaar   | Bought the ring of Xom's Recklessness {rPois rN+ Dex+4
                  | Slay+3} for 469 gold pieces
 30620 | Bazaar   | Bought a potion of heal wounds for 50 gold pieces
 30620 | Bazaar   | Bought a scroll of enchant weapon for 75 gold pieces
 30625 | Bazaar   | Bought a brightly glowing spear for 288 gold pieces
 30625 | Bazaar   | Identified the +8 spear of Eternal Vigilance {venom, rPois
                  | rN+ MR+ Str+3} (You bought it in a shop in a bazaar)
 30632 | Bazaar   | Bought the +3 hat of Pondering {ponderous, MR+ MP+10 Int+5}
                  | for 381 gold pieces
 30632 | Bazaar   | Found the +3 hat of Pondering {ponderous, MR+ MP+10 Int+5}
 31198 | Orc:2    | Bought a glowing buckler for 225 gold pieces
 32848 | Vaults:2 | Reached skill level 5 in Shields
 32946 | Vaults:2 | Noticed Jory
 33972 | Vaults:2 | Noticed Margery
 33988 | Vaults:2 | Corrupted Vaults:2
 33988 | Vaults:2 | Noticed a lich
 33988 | Vaults:2 | Noticed a lich
 33997 | Vaults:2 | Killed Margery
 34896 | Vaults:2 | Reached skill level 22 in Polearms
 35230 | Vaults:3 | Found a staircase to the Crypt.
 35248 | Vaults:3 | Reached skill level 15 in Armour
 35415 | Vaults:3 | Reached XP level 18. HP: 121/153 MP: 27/27
 36665 | Vaults:3 | Corrupted Vaults:3
 36725 | Vaults:3 | Noticed a lich
 37006 | Vaults:3 | Reached skill level 10 in Shields
 39299 | Vaults:4 | Reached XP level 19. HP: 125/161 MP: 28/28
 39512 | Vaults:4 | Found Astouziq's Armour Shop.
 39547 | Vaults:4 | Found a runed translucent gate.
 39547 | Vaults:4 | Found a runed translucent gate.
 39547 | Vaults:4 | Found a runed translucent gate.
 39549 | Vaults:4 | Noticed Nornya's ghost (veteran MfSu)
 39549 | Vaults:4 | Noticed Illumine's ghost (veteran GrMo)
 39571 | Vaults:5 | Entered Level 5 of the Vaults
 39572 | Vaults:5 | Corrupted Vaults:5
 39572 | Vaults:5 | Noticed a bone dragon
 39614 | Vaults:5 | Killed an ancient lich
 40159 | Vaults:5 | Identified the Handbook of the Escort and Enhancements
 40194 | Vaults:5 | Identified the ring "Vikamaeg" {rF+ MP+9 AC+3 Int-4}
 40484 | Vaults:5 | Found Memuna Wibu's Distillery.
 40488 | Vaults:5 | Bought a potion of heal wounds for 110 gold pieces
 40488 | Vaults:5 | Bought a potion of heal wounds for 110 gold pieces
 40488 | Vaults:5 | Bought a potion of heal wounds for 110 gold pieces
 40830 | Vaults:5 | Got a silver rune of Zot
 40921 | Vaults:5 | Identified the +10 flail "Fuifro" {crush, rPois Dex+2}
 41643 | Elf:1    | Entered Level 1 of the Elven Halls
 41674 | Elf:1    | Found a radiant altar of Vehumet.
 42145 | Elf:1    | Reached skill level 23 in Polearms
 42253 | Elf:1    | Found Huas Akh's Book Boutique.
 42254 | Elf:1    | Found a transporter.
 42259 | Elf:1    | Noticed Heg Cuhi's ghost (adept MiFi)
 42344 | Elf:1    | Found a transporter.
 42606 | Elf:1    | Found an ancient bone altar of Kikubaaqudgha.
 43154 | Elf:2    | Found a runed translucent gate.
 43154 | Elf:2    | Found a runed translucent gate.
 43158 | Elf:2    | Found a runed translucent gate.
 43453 | Elf:2    | Found a magical portal.
 43499 | WizLab   | Reached XP level 20. HP: 171/171 MP: 29/29
 43835 | WizLab   | Found a burning altar of Makhleb.
 43838 | WizLab   | Noticed Dicacs
 44135 | WizLab   | Gained mutation: Scrolls take you a little longer to read.
                  | [a neqoxec]
 44140 | WizLab   | Gained mutation: You are clumsy. (Dex -2) [a neqoxec]
 44312 | WizLab   | Gained mutation: Your body sometimes deteriorates upon
                  | taking damage. [a neqoxec]
 44433 | WizLab   | Corrupted WizLab
 44438 | WizLab   | Gained mutation: Armour fits poorly on your strangely
                  | shaped body. [a cacodemon]
 44447 | WizLab   | Noticed a bone dragon
 44447 | WizLab   | Killed Dicacs the Hellbinder
 44798 | WizLab   | Identified the Papyrus of Calling
 44854 | WizLab   | Got a steaming cloak
 44865 | WizLab   | Identified the +2 cloak of the Princeling {-Tele Str+5
                  | Dex+3 Stlth+} (You found it in a wizard's laboratory)
 44877 | WizLab   | Got a faintly glowing iron amulet
 44880 | WizLab   | Identified the amulet "Wiyfe" {Inacc +Blink rF- Int+3 SInv}
                  | (You found it in a wizard's laboratory)
 45153 | Elf:2    | HP: 8/173 [deep elf knight/orb of energy (20)]
 45656 | Elf:2    | Reached skill level 1 in Evocations
 45948 | Elf:2    | Identified the Tome of Fetching Displacement
 46445 | Depths:1 | Entered Level 1 of the Depths
 47060 | Depths:1 | Found Nuutuluv's Antique Armour Shop.
 48202 | Depths:1 | Found a gateway to a ziggurat.
 48205 | Depths:1 | Paralysed by a floating eye for 4 turns
 48210 | Depths:1 | Paralysed by a floating eye for 3 turns
 48447 | Depths:1 | Paralysed by a floating eye for 3 turns
 48454 | Depths:1 | Paralysed by a floating eye for 3 turns
 48459 | Depths:1 | Paralysed by a floating eye for 3 turns
 48863 | Depths:2 | Reached skill level 15 in Invocations
 48904 | Depths:2 | Reached skill level 15 in Shields
 49388 | Depths:2 | Found a runed translucent door.
 49395 | Depths:2 | Noticed Saint Roka
 49403 | Depths:2 | Corrupted Depths:2
 49410 | Depths:2 | Reached XP level 21. HP: 169/181 MP: 31/31
 49482 | Depths:2 | Killed Saint Roka
 50144 | Depths:2 | Paralysed by a floating eye for 2 turns
 50157 | Depths:2 | Noticed a caustic shrike
 50174 | Depths:2 | Killed a caustic shrike
 50194 | Depths:2 | Identified the +5 glaive of Crusades {flame, +Rage +Fly MR+
                  | Int-5}
 50549 | Depths:2 | Noticed a caustic shrike
 50675 | Depths:2 | Identified the amulet of the Immovable Deaths {Reflect
                  | Int+8 SH+3}
 50695 | Depths:2 | Killed a caustic shrike
 51071 | Depths:2 | Identified the +6 spear of the Vine {flame, *Noise rC-
                  | Str+7 Dex+3}
 51285 | Depths:2 | Identified the Incunabulum of Boosts and the Glacier
 52216 | Depths:3 | Reached skill level 24 in Polearms
 52743 | Depths:3 | Found a portal to a secret trove of treasure.
 53953 | Depths:3 | Gained mutation: Your natural rate of healing is unusually
                  | fast. [a neqoxec]
 53979 | Depths:3 | Found a one-way gate leading to the halls of Pandemonium.
 54191 | Depths:4 | Found a one-way gate to the infinite horrors of the Abyss.
 54243 | Depths:4 | Reached XP level 22. HP: 191/191 MP: 33/33
 54460 | Depths:4 | Got an ichor-stained scimitar
 54463 | Depths:4 | Identified the +7 scimitar "Tazej" {holy, rPois Dex+3} (You
                  | found it on level 4 of the Depths)
 54578 | Depths:4 | Noticed Boris
 54596 | Depths:4 | Killed Boris
 55461 | Depths:4 | Corrupted Depths:4
 55572 | Depths:4 | Found an iron altar of Okawaru.
 55604 | Depths:4 | Got an ichor-stained spear
 55607 | Depths:4 | Identified the +6 spear of Infection {venom, Int+4} (You
                  | found it on level 4 of the Depths)
 55632 | Depths:4 | Got a translucent shield
 55643 | Depths:4 | Identified the +0 shield "Cosuetz" {MR+ Int+6 Dex+2} (You
                  | acquired it on level 4 of the Depths)
 55834 | Depths:5 | Entered Level 5 of the Depths
 55834 | Depths:5 | Noticed a juggernaut
 55856 | Depths:4 | Killed a juggernaut
 56372 | Depths:5 | Noticed a golden dragon
 56380 | Depths:5 | Killed a golden dragon
 56910 | Depths:5 | Noticed a golden dragon
 56920 | Depths:5 | Killed a golden dragon
 57097 | Depths:5 | Found a gate to the Realm of Zot.
 57373 | Depths:4 | Voluntarily entered the Abyss.
 57599 | Abyss:1  | Found a stormy altar of Qazlal.
 58328 | Abyss:2  | Reached XP level 23. HP: 199/199 MP: 34/34
 58934 | Abyss:5  | Entered Level 5 of the Abyss
 59259 | Abyss:5  | Paralysed by accursed screaming for 1 turns
 59577 | Depths:4 | Escaped the Abyss
 59775 | Depths:4 | Voluntarily entered the Abyss.
 60022 | Abyss:1  | Gained mutation: You are occasionally teleported next to
                  | monsters. [a neqoxec]
 60034 | Abyss:1  | Gained mutation: You are very clumsy. (Dex -4) [a neqoxec]
 60073 | Abyss:1  | Reached skill level 25 in Polearms
 60149 | Abyss:1  | Found a corrupted altar of Lugonu.
 60150 | Abyss:1  | Found an opulent altar of Gozag.
 60241 | Depths:4 | Escaped the Abyss
 60335 | Depths:4 | Voluntarily entered the Abyss.
 61089 | Abyss:1  | Found an iron altar of Okawaru.
 61181 | Abyss:1  | Gained mutation: Your spells are a little easier to cast,
                  | but a little less powerful. [a neqoxec]
 61183 | Abyss:1  | Lost mutation: You possess an exceptional clarity of mind.
                  | [a neqoxec]
 61331 | Abyss:1  | Got a slimy plate armour
 61334 | Abyss:1  | Identified the +1 plate armour "Pysch" {+Blink rF+ Regen+
                  | Stlth+} (You found it on level 1 of the Abyss)
 61946 | Abyss:3  | Found a corrupted altar of Lugonu.
 61962 | Abyss:3  | Found a corrupted altar of Lugonu.
 62014 | Abyss:3  | Reached XP level 24. HP: 200/209 MP: 27/27
 62036 | Abyss:3  | Paralysed by accursed screaming for 1 turns
 62173 | Abyss:3  | Paralysed by accursed screaming for 1 turns
 62185 | Abyss:3  | Paralysed by accursed screaming for 1 turns
 62187 | Depths:4 | Escaped the Abyss
 63049 | Vaults:5 | Found Naufih's Food Emporium.
 63070 | Vaults:5 | Found Naocos's Distillery.
 63100 | Vaults:5 | Identified the amulet of Ephemeral Luck {Harm *Drain rF+
                  | rN+} (You found it on level 5 of the Vaults)
 63275 | Vaults:5 | Got warped shadow dragon scales
 63278 | Vaults:5 | Identified the cursed +1 shadow dragon scales "Iduq" {Int+2
                  | Stlth++++} (You found it on level 5 of the Vaults)
 64202 | Snake:1  | Entered Level 1 of the Snake Pit
 65357 | Snake:2  | Identified the +7 rapier of Ancient Evil {drain, rN+++
                  | Str+4 Int-2} (You found it on level 2 of the Snake Pit)
 66402 | Snake:4  | Entered Level 4 of the Snake Pit
 66793 | Snake:4  | Corrupted Snake:4
 67025 | Snake:4  | Got a serpentine rune of Zot
 67545 | Snake:4  | Found Emuujah's Antique Armour Shop.
 67553 | Snake:4  | Bought a pair of brightly glowing gloves for 218 gold
                  | pieces
 67567 | Snake:4  | Identified the +0 pair of gloves of Crawling {rElec SInv}
                  | (You bought it in a shop on level 4 of the Snake Pit)
 68025 | Zot:1    | Entered Level 1 of the Realm of Zot
 68157 | Depths:3 | You paid a toll of +3 fire dragon scales to enter a
                  | treasure trove
 68158 | Trove    | Entered a treasure trove
 68165 | Trove    | Identified the +4 shield "Melurre" {MP+9 Stlth+} (You found
                  | it in a treasure trove)
 68168 | Trove    | Identified the +2 large shield of Omission {-Tele Regen+
                  | Str+6} (You found it in a treasure trove)
 68176 | Trove    | Identified a +2 pair of boots of running (You found it in a
                  | treasure trove)
 68196 | Trove    | Identified the +0 pair of gloves of Caufrumn {rF+ rN+} (You
                  | found it in a treasure trove)
 68199 | Trove    | Identified the +0 pair of gloves "Xehi" {*Drain rElec rN+
                  | Str+5} (You found it in a treasure trove)
 69150 | Depths:5 | Reached XP level 25. HP: 48/216 MP: 35/35
 70338 | Zot:1    | Found a corrupted altar of Lugonu.
 71201 | Zot:2    | Noticed an orb of fire
 71208 | Zot:2    | Gained mutation: You are very frail. (-20% HP) [an orb of
                  | fire]
 71231 | Zot:2    | Killed an orb of fire
 71464 | Zot:2    | Reached skill level 26 in Polearms
 73753 | Zot:5    | Entered Level 5 of the Realm of Zot
 73759 | Zot:5    | Reached XP level 26. HP: 199/202 MP: 35/35
 73927 | Zot:5    | Noticed an orb of fire
 73981 | Zot:5    | Noticed an orb of fire
 73981 | Zot:5    | Gained mutation: Scrolls take you longer to read. [an orb
                  | of fire]
 73983 | Zot:5    | Lost mutation: You have sharp toenails. [an orb of fire]
 74010 | Zot:4    | Killed an orb of fire
 74086 | Zot:5    | Gained mutation: You occasionally shout uncontrollably at
                  | your foes. [an orb of fire]
 74097 | Zot:4    | Gained mutation: Your magical capacity is low. (-10% MP)
                  | [an orb of fire]
 74102 | Zot:4    | Killed an orb of fire
 74158 | Zot:5    | Noticed an orb of fire
 74170 | Zot:5    | Gained mutation: You are extremely frail. (-30% HP) [an orb
                  | of fire]
 74179 | Zot:5    | Gained mutation: Your body often deteriorates upon taking
                  | damage. [an orb of fire]
 74186 | Zot:5    | Killed an orb of fire
 74748 | Zot:5    | Noticed an orb of fire
 74922 | Zot:5    | Killed an orb of fire
 75146 | Zot:5    | Noticed an orb of fire
 75150 | Zot:5    | Gained mutation: You are very dopey. (Int -4) [an orb of
                  | fire]
 75161 | Zot:5    | Gained mutation: You sometimes yell uncontrollably at your
                  | foes. [an orb of fire]
 75164 | Zot:5    | Gained mutation: You frequently scream uncontrollably at
                  | your foes. [an orb of fire]
 75167 | Zot:5    | Gained mutation: Your spells are easier to cast, but less
                  | powerful. [an orb of fire]
 75209 | Zot:5    | Gained mutation: Potions are less effective at restoring
                  | your health. [an orb of fire]
 75212 | Zot:5    | Killed an orb of fire
 75654 | Zot:5    | Noticed an ancient lich
 75654 | Zot:5    | Noticed an orb of fire
 75655 | Zot:5    | Corrupted Zot:5
 75666 | Zot:5    | Got the Orb of Zot
 75672 | Zot:5    | Killed an ancient lich
 75692 | Zot:5    | Noticed Gabakyug the pandemonium lord
 75710 | Zot:5    | HP: 8/178 [fire vortex[Gabakyug] (4)]
 75713 | Zot:5    | Killed from afar by Gabakyug the pandemonium lord

Levels and vault maps discovered:
D:1:      nzn_arrival_crosshair, layout_loops_corners
D:2:      layout_rooms, lemuel_coloured_pillars_altar,
          nicolae_ru_sacrificial_ziggurat, lemuel_zombie_altar_yredelemnul,
          interstate_on_off
D:3:      layout_loops_ring, gammafunk_temple_overflow_pools, first_ration
D:4:      layout_basic, dancing_weapons_uskayaw, kennysheep_vampire_church
D:5:      layout_basic, elyvilon_altar_3, portal_sewer_entry_b,
          grunt_decor_arrowhead
D:6:      layout_loops_ring
D:7:      layout_loops_ring, minmay_temple_entry_hall
D:8:      layout_gridville, lemuel_doored_altar, uniq_grum
D:9:      layout_long_grid, kennysheep_mini, lightli_temple_of_fire,
          old_standard_altar, erik_orc_1
D:10:     layout_cave_pools, the_bakery, kennysheep_big_empty_room,
          okawaru_metal_pillars_1_2
D:11:     layout_loops_ring, lair_entry_dummy, serial_shops,
          kennysheep_mini_moat, dk_noncrumbling_4, st_stairs_1, minivault_29
D:12:     layout_roguey, uniq_maurice
D:13:     minmay_the_grid_3x2 [minmay_the_grid_mess,
          minmay_the_grid_minigrid_small, minmay_the_grid_x,
          minmay_the_grid_eight, minmay_the_grid_pillar_ring,
          minmay_the_grid_prize_inner_circle], layout_rooms, david_vaults_5,
          basic_altar, serial_shops, shop, shop, chequers_serial_rivers_micro_b
D:14:     layout_roguey, serial_shops, nicolae_shop_behind_doors,
          nrook_campfire, chequers_avenue, minivault_7
D:15:     gammafunk_enter_depths_forms, layout_basic, serial_shops, shop
Lair:1:   layout_regular_city, grunt_megastairs_2, lemuel_fruit_tree,
          uniq_nergalle
Lair:2:   layout_small_grid, guppyfry_lair_drakes, grunt_megastairs_5
Lair:3:   layout_layer_cave, dummy_snake_entry, serial_bayou_pond_c,
          beast_lair_carwin_3
Lair:4:   layout_long_grid, minmay_shoals_entry_lonely_mermaid, st_stairs_3,
          uniq_kirke
Lair:5:   wander_river, layout_regular_city, dpeg_slime_entry_corner,
          grunt_megastairs_4
Lair:6:   evil_forest, layout_hall_layers, minmay_lindwurm_lava
Shoals:1: layout_shoals
Shoals:2: layout_shoals, gammafunk_ghost_berserking_beasts, uniq_roxanne
Shoals:3: layout_shoals, hangedman_shoal_volcano
Shoals:4: shoals_end_grunt_garden, layout_shoals
Snake:1:  layout_misc_corridors, hangedman_snake_thin_pillar_pass,
          serial_bayou_pond_b
Snake:2:  layout_grid_shapes, nrook_guardian_serpent_ordinary
Snake:3:  cheibrodos_snake_lava_hold, layout_layer_cave, uniq_aizul,
          uniq_vashnia
Snake:4:  snake_pit, layout_basic, serial_shops, shop, special_room
Orc:1:    layout_caves, uniq_sonja, uniq_josephine
Orc:2:    grunt_orc_community_town_hall, layout_caves,
          grunt_orc_community_big_house_2, grunt_orc_community_big_house_1,
          grunt_orc_community_house_1, grunt_orc_community_house_2,
          grunt_orc_community_house_2, grunt_orc_community_house_2, basic_altar
Elf:1:    eino_elf_arrival_altar, layout_loops_ring,
          gammafunk_ghost_berserking_beasts, basic_altar, serial_shops,
          shop_coins, hangedman_corner_corridor
Elf:2:    layout_gridlike, mu_enter_wizlab_4
Vaults:1: ontoclasm_vaults_pinch, nicolae_vaults_circle_grid_a, v_alt_pattern_1,
          v_alt_pattern_2, hangedman_vaults_cutoff, v_misc_4,
          vaults_mumra_chevron_long, vaults_mumra_lcd, v_misc_3,
          nicolae_vaults_three_branches, grunt_vaults_hallway_long, v_misc_25,
          v_misc_19, dpeg_vaults_monster_box, v_misc_19, layout_vaults_maze,
          serial_shops, bzr_entry_safe
Vaults:2: nicolae_vaults_network_quinsquares
          [nicolae_vaults_network_quincunx_subvault,
          nicolae_vaults_network_quincunx_subvault,
          nicolae_vaults_network_quincunx_subvault,
          nicolae_vaults_network_quincunx_subvault],
          nicolae_vaults_twisting_passages, kb_rosetta, grunt_vaults_twisty,
          nicolae_vaults_mini_display_case, nicolae_vaults_ring_of_whatevers,
          layout_vaults_omnigrid, uniq_margery, uniq_jory
Vaults:3: ontoclasm_vaults_gateway, vaults_dpeg_ring, vaults_mumra_hex,
          nicolae_vaults_little_squares_4, vaults_dpeg_diagonal,
          minmay_crypt_entry_simple_plaza, v_misc_31, v_rooms_4,
          ontoclasm_vaults_eye, v_pattern_3, vaults_mumra_bighexcomb,
          vaults_room_pools, vaults_standard_mumra_x, layout_vaults_omnicross
Vaults:4: gammafunk_vaults_ghost_cemetery, hangedman_vaults_unwind,
          nicolae_vaults_little_squares_1, hangedman_vaults_maws, v_misc_9,
          nicolae_vaults_an_arrangement, hangedman_vaults_variations,
          hangedman_vaults_river_flow, nicolae_vaults_puzzle_piece,
          vaults_dpeg_hooks, nicolae_vaults_shelves_hall,
          ontoclasm_vaults_tryst, layout_vaults_omnibox, serial_shops,
          nicolae_shop_stone
Vaults:5
Depths:1: layout_basic, enter_ziggurat_c, lightli_too_deep, serial_shops,
          nicolae_shop_overgrown_old_shop, kennysheep_boxes,
          hangedman_cracks_in_the_wall
Depths:2: box_level_dp, hell_entry, uniq_saint_roka
Depths:3: minmay_inner_zag, layout_gridlike, nicolae_trove_entry_crossroad,
          pf_hell_entry_tar_river, rand_demon_pan_entry_4,
          infiniplex_staircase_zigzag_2
Depths:4: evilmike_iron_armoury, layout_honeycomb, hell_entry,
          minmay_stone_trees_large, abyss_entry, uniq_boris
Depths:5: grunt_zot_entry_hairpin, layout_basic, serial_bayou_shore_a,
          pf_coc_iceberg, rand_demon_pan_entry_9
Zot:1:    hangedman_orp_of_zott, layout_basic
Zot:2:    layout_gridlike
Zot:3:    layout_onion_interference
Zot:4:    layout_misc_corridors, lemuel_golem_globe
Zot:5:    layout_cathedral_of_symmetry, lemuel_lake_of_fire

Skill      XL: |  1  2  3  4  5  6  7  8  9 10 11 12 13 14 15 16 17 18 19 20 21 22 23 24 25 26 |
---------------+-------------------------------------------------------------------------------+-----
Fighting       | 4 5 6 7 9 10 11 13 14 15 17 18 19 20 21 22 23 24 | 24.3
Invocations    | 2 3 4 5 6 7 9 10 11 12 13 15 16 17 18 | 18.8
Polearms       | 3 4 5 6 8 10 12 13 15 17 18 19 20 21 22 23 24 25 26 | 26.8
Armour         | 3 4 5 6 7 9 11 12 13 15 16 17 18 19 20 | 20.7
Dodging        | 2 3 4 5 6 7 8 |  8.1
Stealth        | 1 2 3 4 |  4.8
Throwing       | 2 3 4 |  4.7
Shields        | 1 8 12 13 15 16 18 20 22 24 25 | 25.7
Evocations     | 1 2 |  2.2

Action                   |  1- 3 |  4- 6 |  7- 9 | 10-12 | 13-15 | 16-18 | 19-21 | 22-24 | 25-27 || total
-------------------------+-------+-------+-------+-------+-------+-------+-------+-------+-------++-------
Melee: Spear             |   101 |     4 |       |       |       |  1187 |  2208 |  3051 |  1304 ||  7855
       Headbutt          |     9 |    14 |    24 |    77 |   159 |   477 |   662 |  1018 |   441 ||  2881
       Trident           |       |   146 |   143 |       |    30 |       |       |       |       ||   319
       Glaive            |       |       |   152 |   545 |  1035 |   523 |       |       |       ||  2255
Throw: Javelin           |       |     1 |       |     9 |     5 |       |       |       |       ||    15
       Boomerang         |       |       |       |     2 |    16 |     7 |     5 |       |       ||    30
       Dart              |       |       |       |       |       |    11 |     1 |     7 |     3 ||    22
Invok: Depart the Abyss  |     1 |       |       |       |       |       |       |     1 |       ||     2
       Banish            |       |       |       |     2 |       |       |     8 |       |       ||    10
       Corrupt           |       |       |       |       |     2 |     2 |     3 |     2 |     1 ||    10
       Bend Space        |       |       |       |       |     2 |     1 |     2 |     1 |       ||     6
 Abil: Stop Flying       |       |       |       |       |     4 |       |     1 |       |       ||     5
       Evoke Flight      |       |       |       |       |     3 |       |     1 |       |       ||     4
Evoke: Wand              |       |       |       |     1 |     4 |     2 |    12 |       |     2 ||    21
       Phantom mirror    |       |       |       |       |       |       |     1 |       |       ||     1
  Use: Scroll            |     2 |     2 |     2 |     4 |    22 |    13 |    11 |    24 |     4 ||    84
       Potion            |       |     3 |     2 |     1 |    11 |       |     6 |     2 |     8 ||    33
 Stab: Sleeping          |       |       |     2 |     1 |       |       |       |       |       ||     3
       Distracted        |       |       |       |     1 |       |     1 |     4 |     7 |       ||    13
       Petrified         |       |       |       |       |       |     1 |       |       |       ||     1
       Paralysed         |       |       |       |       |       |       |     2 |       |       ||     2
  Eat: Chunk             |     2 |     6 |     6 |    14 |    31 |    24 |    17 |    14 |     3 ||   117
       Ration            |       |       |     1 |     2 |     6 |     6 |    11 |    12 |     5 ||    43
Armor: Leather armour    |     5 |       |       |       |       |       |       |       |       ||     5
       Scale mail        |    12 |       |       |       |       |       |       |       |       ||    12
       Chain mail        |     9 |    78 |    30 |       |       |       |       |       |       ||   117
       Troll leather arm |       |       |    44 |    33 |       |       |       |       |       ||    77
       Plate armour      |       |       |       |   163 |   532 |   491 |   706 |   502 |   202 ||  2596
       Skin              |       |       |       |     2 |       |       |       |       |       ||     2
Dodge: Dodged            |    18 |    44 |   141 |   176 |   392 |   384 |   418 |   399 |   155 ||  2127
Block: Other             |       |       |       |       |    61 |    24 |       |       |       ||    85
       Reflection        |       |       |       |       |     1 |    46 |    71 |   177 |     4 ||   299
       Buckler           |       |       |       |       |       |   285 |   548 |    44 |       ||   877
       Shield            |       |       |       |       |       |       |       |   647 |       ||   647
       Large shield      |       |       |       |       |       |       |       |  1053 |   755 ||  1808
